 Dungeon Crawl Stone Soup version 0.22.1-2-g9c5b331 (webtiles) character file.

6851 spiff the Nimble (level 11, 58/78 HPs)
             Began as a Halfling Hunter on Nov 14, 2018.
             Was a Follower of Yredelemnul.
             Quit the game on level 8 of the Dungeon on Nov 18, 2018.
             The game lasted 00:35:07 (13141 turns).

spiff the Nimble (Halfling Hunter)                 Turns: 13141, Time: 00:35:07

Health: 58/78      AC:  7    Str: 13    XL:     11   Next: 26%
Magic:  20/20      EV: 20    Int: 10    God:    Yredelemnul [*.....]
Gold:   429        SH:  2    Dex: 18    Spells: 10/10 levels left

rFire    . . .     SeeInvis .   b - +2 dagger (drain)
rCold    . . .     Gourm    .   (shield restricted)
rNeg     . . .     Faith    .   C - +1 ring mail
rPois    +         Spirit   .   (helmet restricted)
rElec    .         Reflect  +   L - +0 cloak
rCorr    .         Harm     .   (no gloves)
MR       .....                  (no boots)
Stlth    ++........             u - +2 amulet of reflection
HPRegen  0.23/turn              I - ring of magical power
MPRegen  0.17/turn              (no ring)

@: no status effects
A: small, beak, mutation resistance 1, poison resistance
a: Animate Remains, Renounce Religion


You were on level 8 of the Dungeon.
You worshipped Yredelemnul.
Yredelemnul was aware of your devotion.
You were not hungry.

You visited 2 branches of the dungeon, and saw 10 of its levels.

You collected 429 gold pieces.

Inventory:

Hand Weapons
 a - a +1 hunting sling
 b - a +2 dagger of draining (weapon)
 d - a +3 dagger
 m - a +0 dagger
 z - a +0 short sword
 M - a +0 rapier
Missiles
 n - 164 stones (quivered)
 p - 51 sling bullets
Armour
 c - a +0 leather armour
 C - a +1 ring mail (worn)
 D - a +1 robe of resistance
 L - a +0 cloak (worn)
 O - a +1 plate armour of magic resistance
Jewellery
 k - an uncursed amulet of magic regeneration
 u - a +2 amulet of reflection (around neck)
 A - an uncursed ring of ice
 I - a ring of magical power (left hand)
Wands
 o - a wand of polymorph (19)
 F - a wand of flame (22)
 G - a wand of iceblast (17)
Scrolls
 e - 2 scrolls of blinking
 g - 3 scrolls of enchant armour
 i - a scroll of fog
 j - 3 scrolls of amnesia
 l - a scroll of fear
 r - a scroll of remove curse
 s - 2 scrolls of magic mapping {unknown}
 y - 6 scrolls of teleportation
 E - 3 scrolls of enchant weapon {unknown}
 H - a scroll of vulnerability {unknown}
 J - a scroll of summoning {unknown}
 N - a scroll of noise {unknown}
Potions
 h - a potion of curing
 q - 3 potions of mutation
 t - 2 potions of flight
 v - 3 potions of agility
 w - a potion of brilliance
 x - a potion of haste
 B - 2 potions of berserk rage
 K - a potion of ambrosia {unknown}
Comestibles
 f - 17 rations
 P - 2 chunks of flesh


   Skills:
 + Level 8.7 Fighting
 - Level 10.0 Short Blades
 - Level 10.0 Slings
 + Level 10.2 Dodging
 - Level 2.0 Stealth


You had 10 spell levels left.
You didn't know any spells.
Your spell library was empty.

Dungeon Overview and Level Annotations

Branches:
Dungeon (9/15)             Temple (1/1) D:5
   Lair: D:8-11         Orc: D:9-12

Altars:
Ashenzari
Cheibriados
Dithmenos
Elyvilon
Fedhas
Gozag
Hepliaklqana
Kikubaaqudgha
Makhleb
Nemelex Xobeh
Okawaru
Qazlal
Ru
Sif Muna
Trog
Uskayaw
Vehumet
Wu Jian
Xom
Yredelemnul
Zin
The Shining One

Annotations:
D:5 Edmund


Innate Abilities, Weirdness & Mutations

You are small and have problems with some larger weapons.
You are somewhat resistant to further mutation.
You have a beak for a mouth.
Your system is resistant to poisons. (rPois)


Message History

You see here a whip.
The warg stops to sniff the ground.
The orc knight roars a battlecry!
The orc no longer looks unusually strong.
You see here an enchanted flail.
The orc knight roars a battlecry!
The orc goes into a battle-frenzy!
There is a stone staircase leading up, spattered with blood here.
You climb upwards.
There is a stone staircase leading down here.
Save game and exit?
Welcome back, spiff the Halfling Hunter.
Yredelemnul says: Carry the black torch!
Rouse the idle dead!
Press ? for a list of commands and other information.
Autopickup is now off.
Autopickup is now on.
Autopickup is now off.
Autopickup is now on.
Unknown command.
Are you sure you want to abandon this character and quit the game? (Confirm

#.## # ##.##########
#............
#.#.#########
########.#...### #..
#........###...###.#
#.....####.........#
#...[....).###.#####
#.!@.#.....# #...# #
#....#.....# ###.###
#....#.....#####.#..
#....#..............
######....####......
#....# #......
#....# #......
#....# #......
###### #######


There were no monsters in sight!

Vanquished Creatures
  An orc knight (D:9)
  Sigmund (D:3)
  A human (D:8)
  A yak (D:9)
  3 hogs
  11 wargs (D:9)
  7 orc warriors
  A black bear (D:7)
  2 sky beasts (D:5)
  A hornet zombie (D:7)
  3 ice beasts
  A phantom (D:6)
  10 ogres
  A centaur (D:8)
  2 bullfrogs
  2 wyvern skeletons
  4 killer bees (D:7)
  A scorpion (D:5)
  4 wights
  2 howler monkeys
  A crimson imp (D:8)
  A quasit (D:9)
  2 centaur zombies
  2 bullfrog zombies
  3 hounds
  5 orc priests
  A bullfrog skeleton (D:7)
  A jelly (D:5)
  6 orc wizards
  5 iguanas
  11 worker ants
  3 hound skeletons
  Robin (D:3)
  8 adders
  3 gnolls (D:5)
  2 shadow imps
  An adder skeleton (D:8)
  2 worms
  3 dart slugs
  10 leopard geckos
  40 orcs
  3 ball pythons
  7 giant cockroaches
  11 goblins
  7 hobgoblins
  11 jackals
  3 quokkas
  7 bats
  8 frilled lizards
  2 kobolds (D:1)
  A quokka skeleton (D:5)
  2 quokka zombies
  3 rats
235 creatures vanquished.

Vanquished Creatures (others)
  A warg zombie (D:9)
  3 orc zombies (D:9)
4 creatures vanquished.

Grand Total: 239 creatures vanquished

Notes
Turn   | Place    | Note
-------+----------+-------------------------------------------
     0 | D:1      | spiff the Halfling Hunter began the quest for the Orb.
     0 | D:1      | Reached XP level 1. HP: 14/14 MP: 1/1
    80 | D:1      | Reached XP level 2. HP: 19/19 MP: 2/2
   583 | D:1      | Reached XP level 3. HP: 23/24 MP: 3/3
   841 | D:2      | Reached skill level 1 in Short Blades
  1080 | D:2      | Reached XP level 4. HP: 30/30 MP: 4/4
  1124 | D:2      | Found a white marble altar of Elyvilon.
  1190 | D:2      | Found an ornate altar of the Wu Jian Council.
  1217 | D:2      | Found a hide-covered altar of Uskayaw.
  2160 | D:3      | Found a burning altar of Makhleb.
  2198 | D:3      | Reached XP level 5. HP: 34/36 MP: 5/5
  2235 | D:3      | Noticed Sigmund
  2781 | D:3      | Killed Sigmund
  2781 | D:3      | Reached XP level 6. HP: 24/42 MP: 6/6
  3204 | D:3      | Noticed Robin
  3326 | D:3      | Killed Robin
  3739 | D:4      | Found a shattered altar of Ashenzari.
  3904 | D:4      | Noticed an ogre
  3932 | D:4      | Killed an ogre
  3932 | D:4      | Reached XP level 7. HP: 48/48 MP: 7/7
  4226 | D:4      | Reached skill level 5 in Dodging
  4415 | D:4      | Gained mutation: You have a beak for a mouth. [potion of
                  | mutation]
  4415 | D:4      | Gained mutation: Your system is resistant to poisons.
                  | (rPois) [potion of mutation]
  5022 | D:4      | Found a bloodstained altar of Trog.
  5102 | D:4      | Reached XP level 8. HP: 54/54 MP: 8/8
  5274 | D:4      | Reached skill level 5 in Short Blades
  5362 | D:5      | Entered Level 5 of the Dungeon
  6143 | D:5      | Found a shadowy altar of Dithmenos.
  6339 | D:5      | Reached skill level 5 in Fighting
  6886 | D:5      | Found a staircase to the Ecumenical Temple.
  6896 | D:5      | Found a sparkling altar of Nemelex Xobeh.
  6909 | Temple   | Entered the Ecumenical Temple
  7218 | D:6      | Noticed Edmund
  7505 | D:6      | Found a sparkling altar of Nemelex Xobeh.
  7543 | D:6      | Reached XP level 9. HP: 35/61 MP: 9/9
  9605 | D:7      | Reached XP level 10. HP: 47/69 MP: 10/10
 10039 | D:8      | Reached skill level 10 in Slings
 10745 | D:8      | Found an ornate altar of the Wu Jian Council.
 11268 | D:9      | Found a basalt altar of Yredelemnul.
 11273 | D:9      | Became a worshipper of Yredelemnul the Dark
 11430 | D:9      | Found a white marble altar of Elyvilon.
 12113 | D:9      | Reached * piety under Yredelemnul
 12358 | D:8      | Reached XP level 11. HP: 57/77 MP: 11/11
 12494 | D:9      | Reached skill level 10 in Short Blades
 12912 | D:9      | Reached skill level 10 in Dodging
 12922 | D:9      | Noticed an orc knight
 13021 | D:9      | Killed an orc knight
 13089 | D:9      | Noticed an orc knight
 13096 | D:9      | Noticed an orc knight
 13141 | D:8      | Quit the game

Skill      XL: |  1  2  3  4  5  6  7  8  9 10 11 |
---------------+----------------------------------+-----
Fighting       | 2 3 4 5 6 7 8 |  8.7
Stealth        | 2 |  2.0
Short Blades   | 1 2 3 4 6 7 9 10 | 10.0
Dodging        | 3 4 5 6 7 9 10 | 10.2
Slings         | 6 8 9 10 | 10.0

Action                   |  1- 3 |  4- 6 |  7- 9 | 10-12 || total
-------------------------+-------+-------+-------+-------++-------
Melee: Short sword       |    50 |    95 |       |       ||   145
       Dagger            |       |    77 |   379 |   695 ||  1151
       Peck              |       |       |    79 |   169 ||   248
 Fire: Hunting sling     |    23 |    84 |   304 |       ||   411
Invok: Animate Remains   |       |       |       |     4 ||     4
Evoke: Wand              |       |       |     1 |       ||     1
  Use: Scroll            |     2 |       |    14 |     2 ||    18
       Potion            |       |       |     5 |       ||     5
 Stab: Sleeping          |     1 |     3 |     2 |     1 ||     7
       Distracted        |       |     1 |     1 |     1 ||     3
  Eat: Chunk             |       |     6 |    18 |     7 ||    31
       Ration            |       |     1 |       |     2 ||     3
Armor: Leather armour    |    17 |    45 |     8 |       ||    70
       Robe              |       |       |     2 |       ||     2
       Ring mail         |       |       |    54 |    79 ||   133
       Skin              |       |       |    32 |       ||    32
Dodge: Dodged            |    51 |   147 |   280 |   400 ||   878
Block: Other             |       |       |     3 |    20 ||    23
       Reflection        |       |       |       |     1 ||     1
